AoeStats
← MatzeAoE

African Clearing

504102204Analyzed
2v2 RM · 28d ago on Sep 3, 2026· 18m 59s· 4 players
Game mode
Random Map
Map size
Medium (4 player)
Population
200
Speed
Normal
Resources
Standard
Victory
Conquest
Starting age
Dark Age
Ending age
Imperial Age
RankedLock teamsTeams togetherTeam positionsShared explorationLock speedFull tech treeHidden civsTurbo modeCheats
Victory
Defeat
🇦🇷 Goths · Argentina
1519
+15
🇦🇷 Mapuche · Argentina
1465
+17
🇩🇪 Chinese · Germany
1532
-18
🇩🇪 Huns · Germany
1442
-14
Red_Iffun
8:00 Loom
13:03 Feudal Age
15:17 Fletching
18:19 Castle Age
MatzeAoE
2:54 Loom
[TOX2] Lord Rucci
4:51 Loom
13:21 Feudal Age
19:03 Double-Bit Axe
19:10 Gold Mining
Konigs
2:59 Loom
11:51 Feudal Age
12:07 Man-at-Arms
12:51 Double-Bit Axe
15:54 Horse Collar
17:45 Fletching
Connection lost

Rejoining the realm…

Still unreachable

The connection could not be restored.

Session expired

The server has moved on; the page needs a fresh start.